AoeStats
← Ramboso

Arabia

510069718Analyzed
1v1 RM · 2d ago on Sep 29, 2026· 36m 2s· 2 players
Game mode
Random Map
Map size
Tiny (2 player)
Population
200
Speed
Normal
Resources
Standard
Victory
Conquest
Starting age
Dark Age
Ending age
Imperial Age
RankedLock teamsTeams togetherTeam positionsShared explorationLock speedFull tech treeHidden civsTurbo modeCheats
Victory
Defeat
🇮🇹 Mongols · Italy
950
+15
🇨🇿 Khmer · Czechia
932
-15
Vik
6:54 Loom
9:59 Feudal Age
10:38 Double-Bit Axe
18:38 Castle Age
16:22 Horse Collar
21:20 Elite Skirmisher
24:41 Wheelbarrow
33:40 Murder Holes
Ramboso
9:11 Feudal Age
9:42 Double-Bit Axe
11:52 Horse Collar
15:35 Loom
17:58 Castle Age
16:44 Stone Mining
18:17 Fletching
18:29 Padded Archer Armor
18:22 Gold Mining
19:20 Bow Saw
21:23 Stone Shaft Mining
20:53 Heavy Plow
21:09 Bodkin Arrow
24:42 Husbandry
24:55 Forging
26:05 Bloodlines
31:34 Scale Barding Armor
33:51 Ballistics
Connection lost

Rejoining the realm…

Still unreachable

The connection could not be restored.

Session expired

The server has moved on; the page needs a fresh start.